 Dungeon Crawl Stone Soup version 0.17.2-1-ge4368a0 (webtiles) character file.

28 PureCircle the Insei (level 2, 0/24 HPs)
             Began as a Mummy Monk on Apr 28, 2017.
             Slain by an adder (3 damage)
             ... on level 2 of the Dungeon.
             The game lasted 00:00:51 (1048 turns).

PureCircle the Insei (Mummy Monk)                   Turns: 1048, Time: 00:00:51

Health: 0/24       AC:  1    Str: 14    XL:     2   Next: 96%
Magic:  2/2        EV: 13    Int:  9    God:
Gold:   69         SH:  0    Dex: 14    Spells: 0 memorised, 1 level left

rFire  x . .     SeeInvis +       - Unarmed
rCold  + . .     Clarity  .     (no armour)
rNeg   + + +     SustAt   .     (no shield)
rPois  ∞         Gourm    .     d - +0 helmet
rElec  .         Spirit   .     (no cloak)
rCorr  .         Warding  .     (no gloves)
rMut   .         Stasis   .     (no boots)
MR     .....                    (no amulet)
Stlth  ++........               b - ring of see invisible
                                (no ring)

@: not resistant to hostile enchantments, unstealthy
A: no food or potions, fire vulnerability, cold resistance 1, negative energy
resistance 3, torment resistance, unbreathing
a: no special abilities


You were on level 2 of the Dungeon.
You were not hungry.

You visited 1 branch of the dungeon, and saw 2 of its levels.

You collected 69 gold pieces.


Innate Abilities, Weirdness & Mutations

You do not eat or drink.
Your flesh is vulnerable to fire.
You are immune to poison.
Your flesh is cold resistant.
You are immune to negative energy.
You are immune to unholy pain and torment.
You can survive without breathing.


   Skills:
 - Level 3.0 Fighting
 - Level 2.4 Dodging
 - Level 1.5 Stealth
 + Level 4.1 Unarmed Combat


You had one spell level left.
You didn't know any spells.

Inventory:

Armour
 d - a +0 helmet (worn)
Jewellery
 b - a ring of see invisible (right hand)
Scrolls
 a - a scroll of recharging {unknown}
 c - 3 scrolls of magic mapping {unknown}
 e - a scroll of enchant armour {unknown}
 f - a scroll of remove curse {unknown}
 g - a scroll of identify {unknown}

Dungeon Overview and Level Annotations

Branches:
Dungeon (2/15)

Altars:

............▒▒▒▒.▒▒▒▒▒▒▒▒.▒
........▒▒.▒▒ ▒..........▒▒
...........▒ ▒...........▒
▒........... ▒.w.........▒
▒.......▒▒▒.▒
▒...........▒▒▒▒▒▒
▒.......▒ ..
▒................▒ .......
▒▒. ▒▒.........▒.....▒
▒.▒▒▒b...†....▒.....▒
▒..SM.........▒.....▒
▒▒▒▒▒.......).▒.....▒
▒.........▒▒....▒
▒.........▒▒....▒
▒..............▒▒
▒▒▒▒▒▒▒▒.......▒ ▒.......▒
▒▒▒▒▒▒.......▒▒
...............


You could see a worm, an adder and a bat.


Message History

The bat barely misses you! The bat misses you! The bat misses you!
The bat misses you! The bat closely misses you! The bat misses you!
The bat hits you! * * * don't die
* * * You take 1 damage, and have 10/24 hp!
You closely miss the bat! The bat misses you!
You swing at nothing!
The bat barely misses you!
You barely miss the bat! The bat hits you! * * * don't die
* * * The bat hits you! * * * don't die
* * * You take 2 damage, and have 8/24 hp!
You swing at nothing!
The bat closely misses you!
You swing at nothing!
The bat barely misses you!
You squash the worm like an ant!
The worm is lightly wounded!
You barely miss the worm! You punch the worm!
The worm is moderately wounded!
The worm misses you!
You pulverise the worm!
The worm is heavily wounded!
The worm bites you! * * * don't die
* * * You take 6 damage, and have 3/24 hp!
MASSIVE DAMAGE!!!!!!
An adder comes into view!
The bat misses you! The bat closely misses you! The adder bites you! rip

Action                   || total
-------------------------++-------
Melee: Unarmed           ||    70
 Stab: Sleeping          ||     2

Vault maps used:
D:1:      lemuel_arrival_funnel
D:2:      lemuel_round_altar, fedhas_altar_fruit_tree

Notes
Turn   | Place    | Note
--------------------------------------------------------------
     0 | D:1      | PureCircle the Mummy Monk began the quest for the Orb.
     0 | D:1      | Reached XP level 1. HP: 18/18 MP: 1/1
   282 | D:1      | Reached XP level 2. HP: 20/24 MP: 2/2
   868 | D:1      | You fall through a shaft!
   896 | D:2      | Reached skill level 4 in Unarmed Combat
  1048 | D:2      | Slain by an adder

Vanquished Creatures
  An adder (D:2)
  A giant gecko (D:1)
  3 giant cockroaches (D:1)
  4 hobgoblins
  2 bats (D:1)
  A goblin (D:1)
  2 kobolds
  4 rats (D:1)
18 creatures vanquished.
